 Dungeon Crawl Stone Soup version 0.21-a0-529-g8c7b3f5 (webtiles) character file.

42363 Amnesiac the Sorcerer (level 13, -1/80 HPs)
             Began as a Deep Elf Wizard on Dec 10, 2017.
             Was a High Priest of Sif Muna.
             Slain by a fire elemental (3 damage)
             ... led by Azrael
             ... on level 15 of the Dungeon.
             The game lasted 01:25:26 (22712 turns).

Amnesiac the Sorcerer (Deep Elf Wizard)            Turns: 22712, Time: 01:25:27

Health: -1/80      AC: 14    Str:  4    XL:     13   Next: 85%
Magic:  0/41       EV: 16    Int: 30    God:    Sif Muna [*****.]
Gold:   831        SH:  4    Dex:  9    Spells: 13/57 levels left

rFire    + + .     SeeInvis .   a - +8 hunting sling "Pankebia" {velocity, rF+ rN+ Int-2}
rCold    + . .     Gourm    .   y - +0 buckler
rNeg     + . .     Faith    .   D - +2 robe {MR+}
rPois    .         Spirit   +   W - +2 helmet {Int+3}
rElec    .         Reflect  .   e - +2 cloak {+Inv}
rCorr    .         Harm     .   R - +0 pair of gloves
MR       +++..                  v - +1 pair of boots
Stlth    ++........             G - amulet of guardian spirit
HPRegen  0.23/turn              M - ring of protection from fire
MPRegen  0.27/turn              L - ring of loudness (curse)

@: drained, no casting
A: iridescent scales 1, camouflage 1, clumsy 2, cold resistance 1, deformed
body, magic resistance 1
a: Stop Divine Energy, Channel Magic, Forget Spell, Renounce Religion, Evoke
Invisibility


You were on level 15 of the Dungeon.
You worshipped Sif Muna.
Sif Muna was extremely pleased with you.
You were not hungry.

You visited 2 branches of the dungeon, and saw 16 of its levels.
You also visited: Labyrinth.

You collected 831 gold pieces.

Inventory:

Hand Weapons
 a - the +8 hunting sling "Pankebia" (weapon) {velocity, rF+ rN+ Int-2}
   (You found it on level 10 of the Dungeon)

   Any stone fired from it inflicts extra damage.
   It affects your intelligence (-2).
   It protects you from fire.
   It protects you from negative energy.
 f - a +0 blowgun
Missiles
 k - 380 stones
 t - 12 curare-tipped needles
 w - 45 sling bullets (quivered)
 S - 2 throwing nets
Armour
 e - a +2 cloak of invisibility (worn)
 m - a scarf of resistance
 v - a +1 pair of boots (worn)
 y - a +0 buckler (worn)
 D - a +2 robe of magic resistance (worn)
 H - a +2 shield of protection
 R - a +0 pair of gloves (worn)
 W - a +2 helmet of intelligence (worn)
Magical Staves
 b - an uncursed staff of wizardry
 K - an uncursed staff of power
Jewellery
 p - an uncursed amulet of harm
 G - an amulet of guardian spirit (around neck)
 L - a cursed ring of loudness (right hand)
 M - a ring of protection from fire (left hand)
Wands
 l - a wand of clouds (10)
 z - a wand of iceblast (3)
 A - a wand of acid (21)
 B - a wand of paralysis (14)
 J - a wand of flame (42)
 O - a wand of disintegration (58)
 X - a wand of enslavement (14)
Scrolls
 j - 5 scrolls of enchant weapon {!r}
 n - 6 scrolls of remove curse {!r}
 o - 2 scrolls of enchant armour {!r}
 u - 5 scrolls of magic mapping {!r}
 E - a scroll of amnesia {!r}
 N - 8 scrolls of teleportation {!r}
 Q - a scroll of fear {!r}
 U - 6 scrolls of identify {!r}
 V - a scroll of summoning {!r}
 Z - a scroll of blinking {!r}
Potions
 c - a potion of lignification {!q}
 g - 2 potions of ambrosia {!q}
 h - 2 potions of invisibility {!q}
 i - 5 potions of flight {!q}
 r - 3 potions of haste {!q}
 x - a potion of agility {!q}
 C - 4 potions of curing {!q}
 F - 2 potions of berserk rage {!q}
 I - 2 potions of might {!q}
 P - a potion of brilliance {!q}
 T - a potion of magic {!q}
 Y - a potion of cancellation {!q}
Books
 s - Sif Muna's Incunabulum of Hurtful Cold {god gift}
   (Sif Muna gifted it to you on level 15 of the Dungeon)

   Spells                             Type                      Level
   a - Force Lance                    Conjuration/Translocation    4
   b - Ice Form                       Ice/Transmutation            4
   c - Bolt of Fire                   Conjuration/Fire             6
   d - Freezing Cloud                 Conjuration/Ice/Air          6
   e - Orb of Destruction             Conjuration                  7
Comestibles
 d - 7 bread rations
 q - 4 meat rations


   Skills:
 - Level 9.0(8.9) Fighting
 - Level 9.0(8.9) Dodging
 - Level 3.0(2.9) Stealth
 - Level 4.2(4.1) Shields
 - Level 22.5(22.3) Spellcasting
 + Level 7.2(7.1) Conjurations
 - Level 1.1(1.0) Summonings
 - Level 1.1(1.0) Translocations


You had 13 spell levels left.
You knew the following spells:

 Your Spells              Type           Power        Failure   Level  Hunger
a - Throw Icicle          Conj/Ice       ######..     2%          4    None
b - Passwall              Tmut/Erth      ####......   1%          2    None
c - Call Imp              Summ           #####...     1%          2    None
d - Lee's Rapid Deconstr  Erth           ####......   26%         5    None
e - Mephitic Cloud        Conj/Pois/Air  #####...     1%          3    None
f - Magic Dart            Conj           ####         1%          1    None
g - Ozocubu's Armour      Chrm/Ice       ####....     3%          3    None
h - Death's Door          Chrm/Necr      ####......   100%        8    ####...
i - Portal Projectile     Hex/Tloc       #####.       2%          3    None
q - Sandblast             Erth           ####..       1%          1    None
s - Conjure Flame         Conj/Fire      ######..     1%          3    None
v - Blink                 Tloc           N/A          1%          2    None
w - Orb of Destruction    Conj           ######....   41%         7    ##.....


Dungeon Overview and Level Annotations

Branches:
Dungeon (15/15)            Temple (1/1) D:6            Lair (0/6) D:8
    Orc (0/2) D:12         Vaults (0/5) D:13         Depths (0/5) D:15

Altars:
Ashenzari
Cheibriados
Dithmenos
Elyvilon
Fedhas
Gozag
Hepliaklqana
Kikubaaqudgha
Makhleb
Nemelex Xobeh
Okawaru
Qazlal
Ru
Sif Muna
Trog
Uskayaw
Vehumet
Wu Jian
Xom
Yredelemnul
Zin
The Shining One

Shops:
D:13 %

Annotations:
D:9 exclusion: oklob plant


Innate Abilities, Weirdness & Mutations

You are partially covered in iridescent scales. (AC +2)
Your skin changes colour to match your surroundings (Stealth+).
You are very clumsy. (Dex -4)
Your flesh is cold resistant. (rC+)
Armour fits poorly on your strangely shaped body.
You are resistant to hostile enchantments. (MR+)


Message History

The hell hound barely misses you.
Firing (i - inventory. (,) - cycle):
w - 46 sling bullets (quivered)
Press: ? - help, Shift-Dir - straight line, f/p - hell hound
Aim: a hell hound You shoot a sling bullet.
The sling bullet hits the hell hound.
The hell hound is heavily wounded.
The hell hound bites you but does no damage.
The hell hound closely misses you.
A fire elemental comes into view.
The hell hound breathes flames at you. The blast of flame misses you.
The hell hound breathes flames at you. The blast of flame hits you! You resist.
* * * LOW HITPOINT WARNING * * *
The fire elemental hits you. The hell hound breathes flames at you.
The blast of flame hits you! You resist. The fire elemental hits you.
The fire elemental burns you! You resist.
* * * LOW HITPOINT WARNING * * *
You see here a scimitar of flaming.
Okay, then.
Unknown command.
Unknown command.
Unknown command.
Unknown command.
Unknown command.
Welcome back, Amnesiac the Deep Elf Wizard.
Sif Muna whispers: I know many secrets...
Press ? for a list of commands and other information.
Welcome back, Amnesiac the Deep Elf Wizard.
Sif Muna whispers: I know many secrets...
Press ? for a list of commands and other information.
Cast which spell? (? or * to list)
Okay, then.
Press: ? - help, v - describe, . - travel
Here: a fire elemental The floor.
Cast which spell? (? or * to list)
Aiming: Orb of Destruction
Press: ? - help, Shift-Dir - straight line, f - fire elemental
Aim: a fire elemental
Okay, then.
Press: ? - help, v - describe, . - travel
Here: a fire elemental The floor.
Unknown command.
Casting: Orb of Destruction
Confirm with . or Enter, or press ? or * to list all spells.
Aiming: Orb of Destruction
Press: ? - help, Shift-Dir - straight line, f - fire elemental
Aim: a fire elemental The wavering orb of destruction weakly hits the fire elemental.
The fire elemental is severely damaged.
Sif Muna grants you divine energy.
You briefly lose access to your magic!
The fire elemental hits you. The fire elemental burns you! You resist.
* * * LOW HITPOINT WARNING * * *
The hell hound breathes flames at you.
The blast of flame hits the fire elemental.
The fire elemental completely resists.
The blast of flame hits you! You resist.
* * * LOW HITPOINT WARNING * * *
The hell hound stops to sniff the ground.
The fire elemental hits you. The fire elemental burns you! You resist.
You die...

#.#.....#.........
#.#.....#.(.....(.
#.#.....#.........
#.#.....#.........
#.#....[#().......
#.#...<.#.....####
#.#.....#.....#
#.'.....#.....#
#@#...<.#.....#
#E#.....#.....#
#§#.)...#.....#
#######h#.....#.....#
#.....hz#.....#.....#
#.......#######.....#
#...§.....z(........###
#.......#####.....).....
#####...# #......#####


You could see a fire elemental, 2 hell hounds and a wight.

Vanquished Creatures
  Kirke (D:12)
  Louise (D:15)
  The ghost of zero the Earth Mage, a journeyman GrEE of Vehumet (Lab)
  Azrael (D:15)
  Josephine (D:14)
  A minotaur (Lab)
  The ghost of Doomer the Carver, a journeyman HOFi of Okawaru (D:11)
  A rakshasa (D:13)
  Erolcha (D:13)
  A catoblepas (D:9)
  2 hydras
  Erica (D:9)
  2 ogre magi
  6 two-headed ogres
  The ghost of Typee the Arsonist, a journeyman OpFE of Gozag (D:11)
  2 skeletal warriors (D:15)
  An unseen horror (D:13)
  A flayed ghost (D:15)
  Pikel (D:6)
  An orc knight (D:9)
  A necromancer (D:15)
  A deep elf mage (D:10)
  The ghost of zero the Covert, a novice SpEn of Vehumet (D:8)
  3 ugly things
  4 cyclopes
  A manticore (D:12)
  Maurice (D:12)
  Joseph (D:7)
  A gargoyle (D:15)
  A yaktaur zombie (D:15)
  A komodo dragon (D:8)
  2 rime drakes (D:13)
  2 kobold demonologists (D:13)
  2 spriggan zombies (D:15)
  A freezing wraith (D:13)
  3 trolls
  A harpy zombie (D:15)
  3 meliai (D:14)
  A hornet (D:12)
  5 hippogriffs
  Sigmund (D:3)
  An ettin skeleton (D:15)
  A fire elemental (D:15)
  6 wraiths
  5 yaks
  A human (D:10)
  A wyvern (D:10)
  Eustachio (D:6)
  9 hogs
  A basilisk (D:12)
  2 vampire mosquitoes (D:15)
  5 hungry ghosts
  3 acid dragons
  2 hell hounds (D:15)
  A water moccasin (D:12)
  Duvessa (D:7)
  7 orc warriors
  4 ice beasts
  An eye of draining (D:14)
  11 ogres
  13 centaurs
  5 big kobolds
  Dowan (D:7)
  9 bullfrogs
  3 scorpions
  3 vampire bats (D:14)
  4 killer bees (D:10)
  4 wights
  A bullfrog zombie (D:11)
  6 crimson imps
  6 hounds
  7 gnoll shamans
  6 orc wizards
  A quasit (D:8)
  5 orc priests
  8 centaur skeletons
  2 jellies (D:12)
  4 bullfrog skeletons
  2 iguanas
  7 worker ants
  A hound zombie (D:6)
  2 human simulacra (D:11)
  2 hound skeletons (D:9)
  24 gnolls
  A howler monkey skeleton (D:10)
  A howler monkey zombie (D:11)
  9 adders
  2 shadow imps
  2 adder skeletons
  2 worms
  A dart slug (D:1)
  6 leopard geckos
  33 orcs
  3 ball pythons
  14 bats
  11 giant cockroaches
  9 goblins
  2 hobgoblins (D:1)
  3 jackals (D:3)
  26 kobolds
  2 quokkas (D:2)
  4 frilled lizards
  A quokka zombie (D:5)
  6 rats
  A plant (D:9)
393 creatures vanquished.

Vanquished Creatures (collateral kills)
  A crimson imp (D:5)
1 creature vanquished.

Vanquished Creatures (others)
  A big kobold (D:8)
  An orc (D:11)
  6 fungi (D:8)
  18 plants (D:8)
  19 toadstools (D:9)
45 creatures vanquished.

Grand Total: 439 creatures vanquished

Notes
Turn   | Place    | Note
-------+----------+-------------------------------------------
     0 | D:1      | Amnesiac the Deep Elf Wizard began the quest for the Orb.
     0 | D:1      | Reached XP level 1. HP: 10/10 MP: 7/7
   250 | D:1      | Reached skill level 1 in Fighting
   286 | D:1      | Reached XP level 2. HP: 14/16 MP: 5/9
   537 | D:1      | Learned a level 2 spell: Call Imp
   911 | D:1      | Reached XP level 3. HP: 21/21 MP: 9/11
   915 | D:1      | Learned a level 2 spell: Blink
   919 | D:1      | Learned a level 3 spell: Conjure Flame
   923 | D:1      | Learned a level 3 spell: Mephitic Cloud
  1573 | D:2      | Reached XP level 4. HP: 27/27 MP: 4/12
  1968 | D:2      | Found a faded altar of an unknown god.
  2552 | D:3      | Found a radiant altar of Vehumet.
  2651 | D:3      | Reached skill level 5 in Spellcasting
  2734 | D:3      | Reached XP level 5. HP: 25/32 MP: 7/14
  2763 | D:3      | Noticed Sigmund
  2805 | D:3      | Killed Sigmund
  2805 | D:3      | Reached XP level 6. HP: 20/38 MP: 0/16
  2956 | D:3      | Reached skill level 9 in Spellcasting
  2956 | D:3      | Reached XP level 7. HP: 50/50 MP: 17/22
  3279 | D:4      | Found a shattered altar of Ashenzari.
  3664 | D:4      | Reached skill level 10 in Spellcasting
  4023 | D:5      | Entered Level 5 of the Dungeon
  4052 | D:5      | HP: 2/50 [orc priest/hand axe of electrocution (16)]
  4383 | D:5      | Found a hide-covered altar of Uskayaw.
  4383 | D:5      | Found a snail-covered altar of Cheibriados.
  4383 | D:5      | Found a basalt altar of Yredelemnul.
  4384 | D:5      | Found a bloodstained altar of Trog.
  5914 | D:6      | Found a staircase to the Ecumenical Temple.
  5946 | Temple   | Entered the Ecumenical Temple
  5953 | Temple   | Became a worshipper of Sif Muna the Loreminder
  6007 | D:6      | Reached XP level 8. HP: 45/55 MP: 6/24
  6042 | D:6      | Found a glowing silver altar of Zin.
  6264 | D:6      | Noticed Pikel
  6610 | D:6      | Killed Pikel
  6816 | D:6      | Noticed Eustachio
  6946 | D:6      | Found a staircase to the Ecumenical Temple.
  7180 | D:6      | Found a glowing silver altar of Zin.
  7201 | D:6      | Killed Eustachio
  7201 | D:6      | Reached skill level 11 in Spellcasting
  7213 | D:7      | Noticed Duvessa
  7213 | D:7      | Noticed Dowan
  7233 | D:7      | Killed Duvessa
  7239 | D:7      | Killed Dowan
  7239 | D:7      | Reached XP level 9. HP: 55/60 MP: 17/26
  7845 | D:7      | Found a sacrificial altar of Ru.
  8267 | D:7      | Noticed Joseph
  8317 | D:7      | Killed Joseph
  8317 | D:7      | Reached * piety under Sif Muna
  9042 | D:8      | Reached skill level 12 in Spellcasting
  9064 | D:8      | Found a shimmering altar of Xom.
  9129 | D:8      | Noticed zero's ghost (novice SpEn)
  9157 | D:8      | Killed zero's ghost
  9239 | D:8      | Reached skill level 13 in Spellcasting
  9599 | D:8      | Found an iron altar of Okawaru.
  9608 | D:8      | Learned a level 5 spell: Lee's Rapid Deconstruction
  9611 | D:8      | Learned a level 2 spell: Passwall
  9613 | D:8      | Learned a level 1 spell: Sandblast
  9707 | D:8      | Learned a level 3 spell: Stone Arrow
  9741 | D:8      | Noticed a komodo dragon
  9758 | D:8      | Killed a komodo dragon
  9758 | D:8      | Reached XP level 10. HP: 36/66 MP: 1/29
 10141 | D:8      | Reached ** piety under Sif Muna
 10187 | D:8      | Reached skill level 14 in Spellcasting
 10624 | D:8      | Found a staircase to the Lair.
 10916 | D:9      | Noticed an orc knight
 10950 | D:9      | Killed an orc knight
 10985 | D:9      | Noticed a catoblepas
 11185 | D:9      | Noticed an ogre mage
 11206 | D:9      | Killed a catoblepas
 11602 | D:9      | Killed an ogre mage
 11602 | D:9      | Reached skill level 15 in Spellcasting
 11805 | D:9      | Found a blossoming altar of Fedhas.
 11817 | D:9      | Noticed an oklob plant
 12030 | D:9      | Found a stormy altar of Qazlal.
 12030 | D:9      | Noticed Erica
 12047 | D:9      | Killed Erica
 12112 | D:9      | Identified a scroll of acquirement {!r}
 12423 | D:10     | Entered Level 10 of the Dungeon
 12578 | D:10     | Noticed a two-headed ogre
 12605 | D:10     | Killed a two-headed ogre
 12605 | D:10     | Reached skill level 16 in Spellcasting
 12605 | D:10     | Reached XP level 11. HP: 71/71 MP: 22/33
 12670 | D:10     | Reached *** piety under Sif Muna
 12708 | D:10     | Found a stormy altar of Qazlal.
 12724 | D:10     | Got a bloodstained hunting sling
 12725 | D:10     | Identified the +8 hunting sling "Pankebia" {velocity, rF+ rN+ Int-2} (You found it on level 10 of the Dungeon)
 12972 | D:10     | Got a slimy war axe
 13054 | D:10     | Identified the +3 war axe of Earthquakes {freeze, Fragile rF- Int+9 Dex+6} (You found it on level 10 of the Dungeon)
 13291 | D:10     | Noticed a deep elf mage
 13301 | D:10     | Reached skill level 17 in Spellcasting
 13309 | D:10     | Killed a deep elf mage
 13760 | D:11     | Noticed a cyan ugly thing
 13767 | D:11     | Noticed Doomer's ghost (journeyman HOFi)
 13769 | D:11     | Killed a cyan ugly thing
 13778 | D:11     | Killed Doomer's ghost
 13792 | D:11     | Gained mutation: Potions are less effective at restoring your health. [mutagenic meat]
 13793 | D:11     | Gained mutation: Your body sometimes deteriorates upon taking damage. [mutagenic meat]
 13794 | D:11     | Gained mutation: Your spells are a little easier to cast, but a little less powerful. [mutagenic meat]
 13795 | D:11     | Lost mutation: Your body sometimes deteriorates upon taking damage. [potion of mutation]
 13795 | D:11     | Lost mutation: Your spells are a little easier to cast, but a little less powerful. [potion of mutation]
 13795 | D:11     | Lost mutation: Potions are less effective at restoring your health. [potion of mutation]
 13795 | D:11     | Gained mutation: Your body sometimes deteriorates upon taking damage. [potion of mutation]
 13795 | D:11     | Gained mutation: Your flesh is cold resistant. (rC+) [potion of mutation]
 13816 | D:11     | Noticed a two-headed ogre
 13833 | D:11     | Killed a two-headed ogre
 13833 | D:11     | Reached **** piety under Sif Muna
 13838 | D:11     | Reached skill level 18 in Spellcasting
 13899 | D:11     | Noticed a two-headed ogre
 13925 | D:11     | Killed a two-headed ogre
 14086 | D:11     | Noticed Typee's ghost (journeyman OpFE)
 14100 | D:11     | Killed Typee's ghost
 14737 | D:11     | Got a crude leather armour
 14951 | D:11     | Identified the +6 leather armour "Dauf" {*Slow rCorr Int-3 Stlth+} (You found it on level 11 of the Dungeon)
 15202 | D:12     | Reached skill level 19 in Spellcasting
 15215 | D:12     | Lost mutation: Your body sometimes deteriorates upon taking damage. [potion of mutation]
 15215 | D:12     | Lost mutation: Your flesh is cold resistant. (rC+) [potion of mutation]
 15215 | D:12     | Gained mutation: You are resistant to hostile enchantments. (MR+) [potion of mutation]
 15215 | D:12     | Gained mutation: Your skin changes colour to match your surroundings (Stealth+). [potion of mutation]
 15219 | D:12     | Noticed a seven-headed hydra
 15220 | D:12     | Reached XP level 12. HP: 39/76 MP: 9/37
 15236 | D:12     | Killed a seven-headed hydra
 15307 | D:12     | Gained mutation: Your flesh is cold resistant. (rC+) [mutagenic meat]
 15341 | D:12     | Noticed Maurice
 15360 | D:12     | Killed Maurice
 15370 | D:12     | Found a labyrinth entrance.
 15380 | Lab      | Entered a labyrinth
 15392 | Lab      | Gained mutation: You are partially covered in iridescent scales. (AC +2) [mutagenic meat]
 15393 | Lab      | Gained mutation: Armour fits poorly on your strangely shaped body. [mutagenic meat]
 15394 | Lab      | Gained mutation: You are clumsy. (Dex -2) [mutagenic meat]
 15886 | Lab      | Noticed zero's ghost (journeyman GrEE)
 15929 | Lab      | Killed zero's ghost
 16143 | Lab      | Noticed a minotaur
 16154 | Lab      | Killed a minotaur
 16154 | Lab      | Reached ***** piety under Sif Muna
 16154 | Lab      | Reached skill level 20 in Spellcasting
 16171 | Lab      | Identified the Incunabulum of Dark Intoxication
 16302 | D:12     | Found a staircase to the Orcish Mines.
 16316 | D:12     | Reached skill level 1 in Shields
 16401 | D:12     | Noticed Kirke
 16409 | D:12     | Killed Kirke
 16474 | D:12     | Identified Sif Muna's Tome of Stolen Souls and the Entourage {god gift} (Sif Muna gifted it to you on level 12 of the Dungeon)
 16474 | D:12     | Received a gift from Sif Muna
 16523 | D:12     | Learned a level 3 spell: Ozocubu's Armour
 16532 | D:12     | Learned a level 8 spell: Death's Door
 16536 | D:12     | Learned a level 3 spell: Portal Projectile
 16615 | D:12     | Learned a level 4 spell: Throw Icicle
 17678 | D:13     | Noticed a two-headed ogre
 17705 | D:13     | Killed a two-headed ogre
 17730 | D:13     | Found Ruddaheo's Food Shoppe.
 17777 | D:13     | Noticed a rakshasa
 17841 | D:13     | Gained mutation: You are very clumsy. (Dex -4) [mutagenic meat]
 18223 | D:13     | Noticed Erolcha
 18246 | D:13     | Killed Erolcha
 18246 | D:13     | Reached skill level 21 in Spellcasting
 18299 | D:13     | Reached XP level 13. HP: 74/80 MP: 22/40
 18878 | D:13     | Found a gate to the Vaults.
 19465 | D:14     | Found a sparkling altar of Nemelex Xobeh.
 19644 | D:14     | Found an ancient bone altar of Kikubaaqudgha.
 20081 | D:14     | Noticed Josephine
 20096 | D:14     | Killed Josephine
 20096 | D:14     | Reached skill level 22 in Spellcasting
 20572 | D:14     | Found an ancient bone altar of Kikubaaqudgha.
 20629 | D:14     | Found a sparkling altar of Nemelex Xobeh.
 20870 | D:15     | Entered Level 15 of the Dungeon
 21096 | D:15     | Found a staircase to the Depths.
 21124 | D:15     | Identified Sif Muna's Incunabulum of Hurtful Cold {god gift} (Sif Muna gifted it to you on level 15 of the Dungeon)
 21124 | D:15     | Received a gift from Sif Muna
 21134 | D:15     | Learned a level 7 spell: Orb of Destruction
 21837 | D:15     | Noticed Louise
 21888 | D:15     | Killed Louise
 21888 | D:15     | Reached skill level 5 in Conjurations
 22633 | D:15     | Noticed Azrael
 22652 | D:15     | Killed Azrael
 22712 | D:15     | HP: 2/80 [hell hound/blast of flame[Azrael] (6)]
 22712 | D:15     | Slain by a fire elemental

Vault maps used:
D:1:      nagdon_arrival_double_spiral
D:2:      chequers_ecumenical_altar_grove
D:3:      nicolae_overflow_crystal_walls, grunt_ministairs_6, uniq_sigmund
D:4:      lemuel_round_altar, first_bread
D:5:      chequers_temple_overflow_statue_of_worship, kennysheep_path_1
D:6:      minmay_temple_entry_overgrown, basic_altar, uniq_eustachio, uniq_pikel
D:7:      lemuel_round_altar, uniq_crazy_yiuf_cottage, uniq_joseph, uniq_duvessa
D:8:      kennysheep_seaside_town, kennysheep_little_box,
          okawaru_altar_gauntlet_db, david_lair_shrubbed
D:9:      minmay_shrinking_squares, basic_altar, tgw_fedhas, uniq_erica
D:10:     grunt_livestock, grunt_qazlal_clouds
D:11:     bh_circular_ruins
D:12:     orc_0_dummy, lab_entry_generic, uniq_kirke, uniq_maurice
D:13:     david_vaults_4, portal_ice_cave_rime, serial_shops, shop, uniq_erolcha
D:14:     basic_altar, nemelex_xobeh_ov_fountains_minmay, roderic_batcave,
          kennysheep_potato, uniq_josephine
D:15:     gammafunk_depths_entry_grave, nicolae_twisting_strands, uniq_azrael,
          uniq_louise
Temple:   cyrus_circular_temple

Skill      XL: |  1  2  3  4  5  6  7  8  9 10 11 12 13 |
---------------+----------------------------------------+-----
Fighting       | 1 2 3 8 9 |  9.0
Stealth        | 3 |  3.0
Dodging        | 3 8 9 |  9.0
Spellcasting   | 5 9 10 11 13 16 19 21 22 | 22.5
Shields        | 4 |  4.2
Conjurations   | 7 |  7.2
Summonings     | |  1.1
Translocations | |  1.1

Action                   |  1- 3 |  4- 6 |  7- 9 | 10-12 | 13-15 || total
-------------------------+-------+-------+-------+-------+-------++-------
Melee: Quarterstaff      |       |       |   171 |       |       ||   171
       Whip              |       |       |    45 |       |       ||    45
       Staff             |       |       |       |       |     1 ||     1
 Fire: Hunting sling     |     4 |    77 |       |   529 |   348 ||   958
       Shortbow          |       |       |   176 |   238 |       ||   414
       Blowgun           |       |       |       |       |     1 ||     1
Throw: Javelin           |       |    23 |     2 |       |       ||    25
 Cast: Magic Dart        |   101 |    50 |   149 |       |       ||   300
       Mephitic Cloud    |       |     6 |    52 |    41 |    12 ||   111
       Call Imp          |       |       |     7 |       |       ||     7
       Blink             |       |       |    11 |    14 |     6 ||    31
       Conjure Flame     |       |       |    29 |    72 |    25 ||   126
       Sandblast         |       |       |    14 |    26 |     2 ||    42
       Stone Arrow       |       |       |     8 |    34 |       ||    42
       Throw Icicle      |       |       |       |    17 |    73 ||    90
       Passwall          |       |       |       |    13 |       ||    13
       Ozocubu's Armour  |       |       |       |     1 |       ||     1
       Orb of Destructio |       |       |       |       |    21 ||    21
       Lee's Rapid Decon |       |       |       |       |     2 ||     2
Invok: Divine Energy     |       |       |     1 |       |       ||     1
Evoke: Wand              |       |       |       |    14 |       ||    14
  Use: Scroll            |       |     4 |    10 |    11 |     1 ||    26
       Potion            |       |     1 |     6 |     7 |     2 ||    16
 Stab: Confused          |       |       |    16 |       |       ||    16
       Sleeping          |       |       |     1 |       |       ||     1
  Eat: Chunk             |     1 |     5 |    14 |    23 |     5 ||    48
       Meat ration       |       |       |     1 |       |     1 ||     2
       Royal jelly       |       |       |     1 |     2 |     4 ||     7
       Bread ration      |       |       |     1 |       |       ||     1
       Fruit             |       |       |       |    12 |       ||    12
Armor: Robe              |     2 |    15 |    58 |    77 |   107 ||   259
       Skin              |       |       |       |     4 |    19 ||    23
Dodge: Dodged            |    16 |    32 |   221 |   238 |   300 ||   807
Block: Buckler           |       |       |       |    16 |    84 ||   100

Table legend:
 A = Spawn XP
 B = Non-spawn XP
 C = Spawn XP percentage of total XP
 D = Spawn monster count
 E = Non-spawn monster count
 F = Spawn count percentage of total count
 G = Total turns spent on level
                    A         B        C        D         E        F      G
               +---------+---------+-------+---------+---------+-------+---------
         Total |       0 |   60115 |   0.0 |       0 |     393 |   0.0 | 22712
               +---------+---------+-------+---------+---------+-------+---------
           D:1 |       0 |      43 |   0.0 |       0 |      24 |   0.0 |  1201
           D:2 |       0 |      71 |   0.0 |       0 |      18 |   0.0 |  1058
           D:3 |       0 |     322 |   0.0 |       0 |      25 |   0.0 |  1199
           D:4 |       0 |      77 |   0.0 |       0 |       5 |   0.0 |   860
           D:5 |       0 |     384 |   0.0 |       0 |      22 |   0.0 |  1791
           D:6 |       0 |    1284 |   0.0 |       0 |      22 |   0.0 |  1380
           D:7 |       0 |    1158 |   0.0 |       0 |      18 |   0.0 |  1433
           D:8 |       0 |    3014 |   0.0 |       0 |      46 |   0.0 |  1910
           D:9 |       0 |    3632 |   0.0 |       0 |      11 |   0.0 |  1516
          D:10 |       0 |    4129 |   0.0 |       0 |      33 |   0.0 |  1318
          D:11 |       0 |    4795 |   0.0 |       0 |      22 |   0.0 |  1345
          D:12 |       0 |   10592 |   0.0 |       0 |      50 |   0.0 |  1658
          D:13 |       0 |    8978 |   0.0 |       0 |      30 |   0.0 |  1598
          D:14 |       0 |    6983 |   0.0 |       0 |      30 |   0.0 |  1686
          D:15 |       0 |   12395 |   0.0 |       0 |      35 |   0.0 |  1842
           Lab |       0 |    2258 |   0.0 |       0 |       2 |   0.0 |   842
               +---------+---------+-------+---------+---------+-------+---------
